 Dungeon Crawl Stone Soup version 0.28.0 (webtiles) character file.

Game seed: 224244014410879659

520 mkm the Conjurer (level 7, -1/36 HPs)
             Began as a Gargoyle Fire Elementalist on Feb 12, 2022.
             Was an Initiate of Vehumet.
             Slain by a bullfrog zombie (4 damage)
             ... on level 5 of the Dungeon.
             The game lasted 00:13:49 (5817 turns).

mkm the Conjurer (Gargoyle Fire Elementalist)       Turns: 5817, Time: 00:13:50

Health: -1/36      AC:  8    Str: 12    XL:     7   Next: 21%
Magic:  9/13       EV: 11    Int: 17    God:    Vehumet [......]
Gold:   169        SH:  0    Dex: 10    Spells: 8/15 levels left

rFire   . . .      SeeInvis .   g - +1 dagger (freeze)
rCold   . . .      Faith    .   (no shield)
rNeg    + + .      Spirit   .   a - +0 robe
rPois   ∞          Reflect  .   (no helmet)
rElec   +          Harm     .   (no cloak)
rCorr   .          Rampage  .   j - +0 pair of gloves
Will    .....                   b - +0 pair of boots
Stlth   ++........              (no amulet)
HPRegen 0.12/turn               n - ring of positive energy
MPRegen 0.13/turn               (no ring)

@: no status effects
A: sickness immunity, AC +4, negative energy resistance 1, electricity
resistance, torment resistance 1, petrification resistance
a: Renounce Religion


You were on level 5 of the Dungeon.
You worshipped Vehumet.
Vehumet was noncommittal.
You visited 1 branch of the dungeon, and saw 5 of its levels.

You collected 169 gold pieces.

Inventory:

Hand Weapons
 g - a +1 dagger of freezing (weapon)
Armour
 a - a +0 robe (worn)
 b - a +0 pair of boots (worn)
 j - a +0 pair of gloves (worn)
Jewellery
 l - a ring of flight
 n - a ring of positive energy (left hand)
Scrolls
 e - a scroll of teleportation {unknown}
 o - 2 scrolls of fog {unknown}
Potions
 c - 4 potions of flight
 d - a potion of magic
 f - a potion of haste {unknown}
 h - 2 potions of mutation {unknown}
 i - a potion of heal wounds {unknown}
 k - a potion of ambrosia {unknown}
 m - 2 potions of degeneration {unknown}


   Skills:
 - Level 1.5 Dodging
 - Level 2.1 Stealth
 * Level 4.5 Spellcasting
 + Level 4.9 Conjurations
 + Level 4.7 Fire Magic


You had 8 spell levels left.
You knew the following spells:

 Your Spells              Type           Power      Damage    Failure   Level
a - Foxfire               Conj/Fire      80%        2x1d8     1%          1
b - Scorch                Fire           38%        2d6       3%          2
c - Flame Wave            Conj/Fire      20%        2d7       21%         4

Your spell library contained the following spells:

 Spells                   Type           Power      Damage    Failure   Level
 Conjure Flame            Conj/Fire      20%        6-21      6%          3
 Pain                     Necr           12%        1d4       16%         1
 Summon Small Mammal      Summ           12%        N/A       16%         1
 Inner Flame              Hex/Fire       11%        N/A       17%         3
 Call Canine Familiar     Summ           3%         N/A       41%         3
 Summon Guardian Golem    Hex/Summ       3%         N/A       41%         3
 Agony                    Necr           3%         N/A       99%         5
 Excruciating Wounds      Necr           1%         N/A       99%         5


Dungeon Overview and Level Annotations

Branches:
Dungeon (5/15)
 Temple: D:4-7

Altars:
Makhleb
Vehumet
Wu Jian

Annotations:
D:4 Grinder


Innate Abilities, Weirdness & Mutations

You are immune to sickness and miasma.
Your stone body is resilient. (AC +4)
You are immune to poison.
You resist negative energy. (rN+)
You are resistant to electric shocks. (rElec)
You are resistant to unholy torment.
You are immune to petrification.


Message History

The centaur zombie hits you.
* * * LOW HITPOINT WARNING * * *
The centaur zombie kicks you but does no damage.
The orc wizard points at you and mumbles some strange words.
The magic dart hits you.
* * * LOW HITPOINT WARNING * * *
You are too injured to fight recklessly!
Casting: Scorch (safe; 3% risk of failure)
Confirm with . or Enter, or press ? or * to list all spells.
You conjure some foxfire!
The bullfrog zombie barely misses you.
The centaur zombie hits you but does no damage.
The centaur zombie kicks you but does no damage.
The foxfire hits the orc wizard.
The orc wizard is lightly wounded.
The bullfrog zombie hits you.
* * * LOW HITPOINT WARNING * * *
The centaur zombie completely misses you.
The centaur zombie kicks you but does no damage.
Casting: Foxfire (safe; 1% risk of failure)
Confirm with . or Enter, or press ? or * to list all spells.
Flames lash the bullfrog zombie.
The bullfrog zombie is lightly damaged.
The bullfrog zombie's fire resistance burns away.
The foxfire hits the orc wizard.
The orc wizard is lightly wounded.
The bullfrog zombie hits you.
* * * LOW HITPOINT WARNING * * *
The centaur zombie closely misses you.
The centaur zombie kicks you but does no damage.
You are too injured to fight recklessly!
The bullfrog zombie closely misses you.
The centaur zombie hits you but does no damage.
The centaur zombie barely misses you. The orc wizard misses you.
Casting: Scorch (safe; 3% risk of failure)
Confirm with . or Enter, or press ? or * to list all spells.
Flames lash the centaur zombie.
The centaur zombie is moderately damaged.
The centaur zombie's fire resistance burns away.
The bullfrog zombie hits you.
You die...

#####.....## ####.#.#..######..#
# #####Z.# #.†........# ##.. #
##.####.##.#####.# ###..
#..##..##.# #.# ##..g#
##.##.....# #.###.g#g# ##
#.##..#### #........#
..#.....###....## ####g.....
................## ######......#
...............Z@####.....)<..#.#
...............o.Z...............
.................##......#.######
.................#..###....
...................###..###
........................#
###..............>.....##
###......................
#...###........#......###


You could see an orc wizard, a bullfrog zombie (combustible) and a centaur
zombie (combustible).

Vanquished Creatures
  Pargi (D:4)
  A black bear (D:4)
  A crimson imp (D:3)
  A bullfrog zombie (D:5)
  2 hounds (D:4)
  An iguana (D:4)
  A hound skeleton (D:4)
  A gnoll (D:4)
  7 adders
  2 worms (D:4)
  7 dart slugs
  5 orcs
  3 bats (D:1)
  5 endoplasms
  4 giant cockroaches
  4 goblins
  11 hobgoblins
  3 jackals
  4 quokkas
  7 ball pythons
  3 frilled lizards
  8 kobolds
  3 rats
85 creatures vanquished.

Vanquished Creatures (others)
  155 foxfires
155 creatures vanquished.

Grand Total: 240 creatures vanquished

Notes
Turn   | Place    | Note
-------+----------+-------------------------------------------
     0 | D:1      | mkm the Gargoyle Fire Elementalist began the quest for the
                  | Orb.
     0 | D:1      | Reached XP level 1. HP: 10/10 MP: 3/3
    40 | D:2      | Found an ornate altar of the Wu Jian Council.
   408 | D:1      | Reached XP level 2. HP: 9/15 MP: 0/5
   669 | D:2      | Reached XP level 3. HP: 7/19 MP: 0/6
  1020 | D:2      | Learned a level 2 spell: Scorch
  1410 | D:5      | Entered Level 5 of the Dungeon
  1489 | D:4      | Reached XP level 4. HP: 10/24 MP: 2/8
  1793 | D:5      | Reached XP level 5. HP: 23/28 MP: 0/9
  2660 | D:5      | Noticed an orc warrior
  2660 | D:5      | Noticed a black bear
  2677 | D:4      | Noticed Grinder
  3524 | D:2      | Reached XP level 6. HP: 32/32 MP: 4/11
  4401 | D:1      | Learned a level 4 spell: Flame Wave
  4444 | D:1      | Found a faded altar of an unknown god.
  5174 | D:3      | Found a radiant altar of Vehumet.
  5174 | D:3      | Found a burning altar of Makhleb.
  5282 | D:3      | Became a worshipper of Vehumet
  5597 | D:4      | Noticed Pargi
  5605 | D:4      | Killed Pargi
  5810 | D:4      | Killed a black bear
  5811 | D:4      | Reached XP level 7. HP: 20/36 MP: 3/13
  5817 | D:5      | Slain by a bullfrog zombie

Illustrated notes

Levels and vault maps discovered:
D:1:      zaba_arrival_water, layout_basic, ebering_ecumenical_altar_webs
D:2:      layout_loops_ring, basic_altar
D:3:      layout_loops_ring, grunt_temple_overflow_lords_of_destruction
D:4:      layout_rooms, serial_bayou_lagoon_b, uniq_grinder, uniq_pargi
D:5:      layout_rooms, minmay_statues_item, kennysheep_small_square

Skill      XL: |  1  2  3  4  5  6 |
---------------+-------------------+-----
Conjurations   | 2 3 4 |  4.9
Spellcasting   | 3 4 |  4.5
Fire Magic     | 4 |  4.7
Dodging        | |  1.5
Stealth        | |  2.1

Action                   |  1- 3 |  4- 6 |  7- 9 || total
-------------------------+-------+-------+-------++-------
Melee: Dagger            |     1 |    22 |       ||    23
 Cast: Foxfire           |    34 |    59 |     1 ||    94
       Scorch            |     2 |    60 |     2 ||    64
  Use: Scroll            |       |     7 |       ||     7
       Potion            |       |       |     1 ||     1
Armor: Robe              |    13 |    55 |     8 ||    76
Dodge: Dodged            |    30 |    58 |     9 ||    97
